 Dungeon Crawl Stone Soup version 0.27-a0-1188-g73eefd5def (webtiles) character file.

Game seed: 17179454778724670501

128218 leviel the Demon Slayer (level 17, -6/146 HPs)
             Began as a Hill Orc Fighter on May 22, 2021.
             Was a High Priest of the Shining One.
             Mangled by a shock serpent (13 damage)
             ... on level 2 of the Snake Pit.
             The game lasted 01:03:35 (43923 turns).

leviel the Demon Slayer (Hill Orc Fighter)         Turns: 43923, Time: 01:03:36

Health: -6/146     AC: 22    Str: 26    XL:     17   Next: 2%
Magic:  19/31      EV:  6    Int:  8    God:    the Shining One [*****.]
Gold:   2271       SH: 14    Dex: 10    Spells: 16/16 levels left

rFire    . . .     SeeInvis .   a - +2 war axe (elec)
rCold    . . .     Faith    .   c - +0 kite shield
rNeg     + + .     Spirit   .   y - +5 plate armour {Will+}
rPois    +         Reflect  .   (no helmet)
rElec    .         Harm     .   (no cloak)
rCorr    +         Rampage  .   x - +0 pair of gloves
Will     ++...                  (no boots)
Stlth    ..........             d - amulet of magic regeneration
HPRegen  0.34/turn              k - ring of resist corrosion
MPRegen  0.47/turn              h - ring of poison resistance

@: lethally poisoned (-6 -> -11), hasted, glowing, constricted, very quick
A: no striking features
a: Renounce Religion, Divine Shield, Cleansing Flame, Summon Divine Warrior


You were on level 2 of the Snake Pit.
You worshipped the Shining One.
The Shining One was extremely pleased with you.
You visited 5 branches of the dungeon, and saw 25 of its levels.
You visited the Abyss 1 time.
You also visited: Sewer.

You collected 3360 gold pieces.
You spent 1089 gold pieces at shops.

Inventory:

Hand Weapons
 a - a +2 war axe of electrocution (weapon)
 b - the +2 falchion of Vodka {flame, rF+ SInv}
   (You bought it in a shop on level 2 of the Orcish Mines)

   It has been specially enchanted to burn those struck by it, causing extra
   injury to most foes and up to half again as much damage against particularly
   susceptible opponents.
   Big, fiery blades are also staple armaments of hydra-hunters.
   It protects you from fire.
   It lets you see invisible.
Missiles
 e - 4 javelins (quivered)
 f - 6 curare-tipped darts
 G - 3 atropa-tipped darts
Armour
 c - a +0 kite shield (worn)
 x - a +0 pair of gloves (worn)
 y - a +5 plate armour of willpower (worn)
Jewellery
 d - an amulet of magic regeneration (around neck)
 h - a ring of poison resistance (right hand)
 j - a ring of flight
 k - a ring of resist corrosion (left hand)
 A - a +6 ring of strength
 D - a ring of protection from fire
 H - a +4 ring of evasion
 I - a ring of protection from fire
Wands
 v - a wand of paralysis (27)
 w - a wand of iceblast (7)
 C - a wand of mindburst (15)
 E - a wand of charming (3)
 F - a wand of flame (69)
 Q - a wand of polymorph (10)
Scrolls
 g - 7 scrolls of fog
 n - 2 scrolls of amnesia
 o - 12 scrolls of teleportation
 p - 2 scrolls of magic mapping
 r - a scroll of brand weapon
 t - 9 scrolls of identify {@r1}
 u - a scroll of enchant armour {@r2}
 L - a scroll of enchant weapon {@r3}
 M - 4 scrolls of fear
 R - a scroll of blinking
Potions
 i - 2 potions of cancellation
 l - 8 potions of brilliance
 m - 2 potions of ambrosia
 q - 2 potions of resistance
 s - a potion of magic
 z - 3 potions of flight
 B - 2 potions of attraction
 K - 4 potions of curing
 P - 2 potions of mutation {unknown}
Miscellaneous
 J - a lightning rod (4/4)


   Skills:
 - Level 12.2 Fighting
 - Level 4.8(5.0) Short Blades
 - Level 1.8(3.8) Long Blades
 - Level 16.0 Axes
 - Level 13.4 Armour
 + Level 3.8 Dodging
 - Level 15.0 Shields
 - Level 20.0 Invocations


You had 16 spell levels left.
You didn't know any spells.
Your spell library contained the following spells:

 Spells                   Type           Power      Damage    Failure   Level
 Animate Skeleton         Necr           0%         N/A       97%         1
 Beastly Appendage        Tmut           0%         N/A       97%         1
 Corona                   Hex            0%         N/A       97%         1
 Foxfire                  Conj/Fire      0%         2x1d4     97%         1
 Pain                     Necr           0%         1d4       97%         1
 Sandblast                Erth           0%         2d4       97%         1
 Passwall                 Tmut/Erth      0%         N/A       99%         2
 Poisonous Vapours        Pois/Air       0%         N/A       99%         2
 Slow                     Hex            0%         N/A       99%         2
 Wereblood                Tmut           0%         N/A       99%         2
 Confusing Touch          Hex            0%         N/A       100%        3
 Conjure Flame            Conj/Fire      0%         6-21      100%        3
 Gell's Gravitas          Tloc           0%         N/A       100%        3
 Inner Flame              Hex/Fire       0%         N/A       100%        3
 Mephitic Cloud           Conj/Pois/Air  0%         N/A       100%        3
 Portal Projectile        Hex/Tloc       0%         N/A       100%        3
 Spider Form              Tmut/Pois      0%         N/A       100%        3
 Stone Arrow              Conj/Erth      0%         3d7       100%        3
 Vampiric Draining        Necr           0%         2d6       100%        3
 Animate Dead             Necr           0%         N/A       100%        4
 Cause Fear               Hex            0%         N/A       100%        4
 Ice Form                 Ice/Tmut       0%         N/A       100%        4
 Leda's Liquefaction      Hex/Erth       0%         N/A       100%        4
 Petrify                  Tmut/Erth      0%         N/A       100%        4
 Sticky Flame             Conj/Fire      0%         2d3       100%        4
 Agony                    Necr           0%         N/A       100%        5
 Fireball                 Conj/Fire      0%         3d3       100%        5
 Hydra Form               Tmut           0%         N/A       100%        5
 Lee's Rapid Deconstruct  Erth           0%         3d5*      100%        5
 Metabolic Englaciation   Hex/Ice        0%         N/A       100%        5
 Yara's Violent Unravell  Hex/Tmut       0%         3d3       100%        5
 Freezing Cloud           Conj/Ice/Air   0%         6-21      100%        6
 Dragon Form              Tmut           0%         N/A       100%        7
 Dragon's Call            Summ           0%         N/A       100%        9


Dungeon Overview and Level Annotations

Branches:
Dungeon (13/15)            Temple (1/1) D:5            Lair (6/6) D:10
  Swamp (0/4) Lair:2        Snake (3/4) Lair:2        Slime (0/5) Lair:5
    Orc (2/2) D:10            Elf (0/3) Orc:2        Vaults (0/5) D:13
  Sewer (visited)

Altars:
Ashenzari
Cheibriados
Dithmenos
Elyvilon
Fedhas
Gozag
Hepliaklqana
Kikubaaqudgha
Makhleb
Nemelex Xobeh
Okawaru
Qazlal
Ru
Sif Muna
Trog
Uskayaw
Vehumet
Wu Jian
Xom
Yredelemnul
Zin
The Shining One
Beogh
Jiyva

Shops:
D:7 (   D:11 [   Orc:2 *(*[(   Snake:1 !?((

Annotations:
D:4 3 runed translucent doors, JuniperTheExplorer's ghost, novice DrAr
D:6 1 runed translucent door, PewDiePie's ghost, amateur MiGl
D:8 2 runed translucent doors, jejorda2's ghost, journeyman MfBe
D:9 1 transporter, mhtbhm's ghost, journeyman DECj
D:13 1 runed translucent door, Vuxku's ghost, journeyman SpEn
Lair:5 exclusion: 3 oklob plants


Message History

The naga warrior hits you from afar with a +0 glaive.
* * * LOW HITPOINT WARNING * * *
You block the naga warrior's attack. x2
You feel sick.
The guardian serpent casts a spell at you.
The naga warrior blinks! x2; The shock serpent blinks!
The naga warrior blinks!
The naga warrior spits poison at you.
The splash of poison hits you but does no damage.
You are more poisoned.
You resist. You block the naga warrior's attack.
The naga warrior closely misses you.
The shock serpent bites you but does no damage.
Okay, then.
The golden flame engulfs you but does no damage.
You resist.
The golden flame engulfs the naga warrior!!
The naga warrior is moderately wounded.
The golden flame engulfs the shock serpent!!!
The shock serpent is almost dead.
The golden flame engulfs the naga warrior!!
The naga warrior is moderately wounded.
The golden flame engulfs the shock serpent!
The shock serpent is moderately wounded.
The golden flame engulfs the naga warrior!!!
The naga warrior is heavily wounded.
The shock serpent's electric aura discharges, shocking you!
* * * LOW HITPOINT WARNING * * *
The shock serpent's electric aura discharges violently, shocking you!
* * * LOW HITPOINT WARNING * * *
You feel sick. You block the shock serpent's attack.
The naga warrior hits you with a +0 dire flail!!
* * * LOW HITPOINT WARNING * * *
The naga warrior grabs you.
* * * LOW HITPOINT WARNING * * *
The naga warrior constricts you. You block the naga warrior's attack.
Your daeva calls down the wrath of the Shining One upon the guardian serpent.
The guardian serpent is smitten.
The shock serpent bites you.
* * * LOW HITPOINT WARNING * * *
The shock serpent shocks you!
You die...

....## ###.## ... ..)##
#....## ..#
....####.....### #..##
......#........###....##
........................
...................##..
.................###
...............NS######
...............#@N....#
...............SN#§...#
......#.........§SS...#
................A§....#
.........§....#
................
...........§....
...........§..#§
........§....##


You could see 3 naga warriors, 2 shock serpents, a guardian serpent (ally
target) and a friendly daeva (summoned).

Vanquished Creatures
  4 tentacled starspawn
  Kirke (Lair:4)
  Gastronok (Lair:3)
  Nessos (Lair:4)
  Snorg (Lair:5)
  Josephine (Lair:4)
  8 hydras
  2 naga warriors (Snake:1)
  A boulder beetle (D:12)
  Erolcha (D:11)
  An ice dragon (Lair:6)
  A catoblepas (D:10)
  2 centaur warriors
  An ogre mage (D:13)
  2 anacondas (Snake:3)
  A death knight (D:12)
  6 two-headed ogres
  18 death yaks
  3 orc high priests (Orc:2)
  Urug (Orc:1)
  A thrashing horror (Abyss:3)
  Sonja (Lair:4)
  3 naga sharpshooters
  A deep troll (shapeshifter) (D:10)
  A wretched star (Abyss:3)
  A bog body (Lair:2)
  2 lindwurms (Lair:6)
  A naga ritualist (Snake:3)
  7 orc knights
  5 mana vipers
  A salamander (Snake:2)
  3 deep elf pyromancers
  A manticore (D:13)
  5 orc sorcerers (Orc:2)
  3 cyclopes
  7 oklob plants
  A wolf spider (Lair:6)
  An ugly thing (D:10)
  6 centaur zombies
  4 naga magi
  21 black mambas
  2 orange demons (D:12)
  5 torpor snails (Lair:6)
  A guardian serpent (Lair:6)
  A gargoyle (D:13)
  15 cane toads
  2 unseen horrors (D:10)
  A cane toad (shapeshifter) (D:11)
  4 rime drakes
  11 komodo dragons
  A kobold demonologist (D:10)
  An efreet (D:13)
  2 red devils (D:12)
  A meliai (D:10)
  6 trolls
  3 tyrant leeches (Lair:6)
  2 polar bears
  9 hornets (Lair:6)
  4 slime creatures
  14 blink frogs
  5 redbacks (Lair:6)
  A ynoxinul (Abyss:2)
  9 wyverns
  8 wraiths
  A shadow (D:6)
  A fire elemental (Lair:3)
  2 hogs (Lair:4)
  A human (shapeshifter) (D:10)
  6 basilisks
  2 vampires (D:10)
  27 yaks
  2 neqoxecs
  2 steam dragons
  A large abomination (Abyss:2)
  5 wargs (Orc:1)
  4 acid dragons
  10 nagas
  22 water moccasins
  2 black bears
  27 orc warriors
  2 ice beasts (D:6)
  A necrophage (D:5)
  9 ogres
  2 sky beasts
  40 wolves (Lair:1)
  2 phantoms
  6 centaurs
  A kobold brigand (D:10)
  14 bullfrogs
  2 scorpions
  2 water moccasin skeletons
  12 killer bees
  11 wights
  4 howler monkeys
  3 electric eels
  A lava snake (Lair:3)
  A quasit (Abyss:3)
  2 hounds
  A bullfrog skeleton (D:5)
  A gnoll shaman (D:7)
  4 jellies
  20 orc priests
  An iron imp (Abyss:2)
  5 iguanas
  5 small abominations
  13 orc wizards
  A killer bee zombie (D:7)
  2 howler monkey zombies
  8 gnolls
  8 river rats (Sewer)
  24 adders
  4 white imps
  An ufetubus (Abyss:2)
  An adder skeleton (D:4)
  5 worms
  2 dart slugs
  48 orcs
  6 bats
  9 endoplasms
  2 giant cockroaches
  8 goblins
  5 hobgoblins
  10 jackals
  7 kobolds
  3 quokkas
  18 ball pythons
  6 frilled lizards
  26 rats
  6 starspawn tentacles
731 creatures vanquished.

Vanquished Creatures (collateral kills)
  A Hell Sentinel (Abyss:2)
  A tentacled starspawn (Abyss:3)
  Louise (Snake:1)
  Aizul (Snake:1)
  A great orb of eyes (Abyss:3)
  3 hydras
  2 thrashing horrors
  A naga sharpshooter (Snake:1)
  A sun demon (Abyss:3)
  2 wretched stars (Abyss:2)
  A phantasmal warrior (D:12)
  A wolf spider (Lair:6)
  A cyclops (D:12)
  A black mamba (Snake:1)
  4 orange demons (D:12)
  A smoke demon (Abyss:2)
  An eye of devastation (Abyss:2)
  A kobold demonologist (Abyss:2)
  A komodo dragon (Lair:6)
  3 slime creatures (D:12)
  A shadow (D:12)
  A wraith (D:12)
  A wyvern (Lair:6)
  A yak (Lair:6)
  A naga (Snake:1)
  A water moccasin (Lair:6)
  2 large abominations
  2 small abominations (Abyss:2)
  An orc priest (D:12)
  5 orcs (D:12)
  A starspawn tentacle (Abyss:2)
46 creatures vanquished.

Vanquished Creatures (others)
  An orc wizard (Orc:2)
  An orc (Orc:2)
  31 fungi
  158 plants
  8 starspawn tentacles
  2 withered plants (D:13)
201 creatures vanquished.

Grand Total: 978 creatures vanquished

Notes
Turn   | Place    | Note
-------+----------+-------------------------------------------
     0 | D:1      | leviel the Hill Orc Fighter began the quest for the Orb.
     0 | D:1      | Reached XP level 1. HP: 19/19 MP: 1/1
   184 | D:1      | Reached XP level 2. HP: 26/26 MP: 2/2
   352 | D:1      | Reached XP level 3. HP: 24/31 MP: 3/3
   441 | D:1      | Reached skill level 5 in Axes
  1195 | D:2      | Reached XP level 4. HP: 29/39 MP: 4/4
  1935 | D:3      | Reached XP level 5. HP: 24/45 MP: 5/5
  2104 | D:3      | Found a faded altar of an unknown god.
  2898 | D:3      | Found a shadowy altar of Dithmenos.
  3228 | D:4      | Reached XP level 6. HP: 51/51 MP: 6/6
  4247 | D:4      | Found a runed translucent gate.
  4248 | D:4      | Found a runed translucent gate.
  4248 | D:4      | Found an opulent altar of Gozag.
  4249 | D:4      | Found a runed translucent gate.
  4250 | D:4      | Noticed JuniperTheExplorer's ghost (novice DrAr)
  4251 | D:4      | Noticed a steam dragon
  4263 | D:4      | Found a hazy altar of Hepliaklqana.
  4355 | D:4      | Found a sacrificial altar of Ru.
  4370 | D:4      | Reached XP level 7. HP: 53/57 MP: 7/7
  4461 | D:4      | Found a bloodstained altar of Trog.
  4600 | D:5      | Entered Level 5 of the Dungeon
  4675 | D:5      | Found a staircase to the Ecumenical Temple.
  4689 | Temple   | Entered the Ecumenical Temple
  4710 | Temple   | Reached skill level 10 in Axes
  5270 | D:5      | Found a burning altar of Makhleb.
  5622 | D:5      | Reached XP level 8. HP: 59/64 MP: 8/8
  7711 | D:6      | Found a glowing drain.
  7727 | Sewer    | Entered a sewer
  7885 | Sewer    | Reached XP level 9. HP: 64/70 MP: 9/9
  9067 | D:6      | Noticed a two-headed ogre
  9081 | D:6      | Killed a two-headed ogre
  9082 | D:6      | Reached skill level 15 in Axes
  9759 | D:6      | Found a runed translucent door.
 10273 | D:6      | Noticed PewDiePie's ghost (amateur MiGl)
 10504 | D:6      | Found an opulent altar of Gozag.
 11074 | D:7      | Reached skill level 5 in Fighting
 11095 | D:7      | Found a stormy altar of Qazlal.
 11199 | D:7      | Reached XP level 10. HP: 81/81 MP: 10/10
 11302 | D:7      | Found a basalt altar of Yredelemnul.
 11362 | D:7      | Reached skill level 5 in Shields
 11834 | D:7      | Found Vollas's Antique Weapon Boutique.
 12307 | D:8      | Found a glowing golden altar of the Shining One.
 12358 | D:8      | Became a worshipper of the Shining One
 14518 | D:8      | Found a large runed translucent door.
 14519 | D:8      | Found a large runed translucent door.
 14521 | D:8      | Noticed jejorda2's ghost (journeyman MfBe)
 14666 | D:8      | Found a shimmering altar of Xom.
 15011 | D:9      | Found a transporter.
 15022 | D:9      | Noticed mhtbhm's ghost (journeyman DECj)
 15024 | D:9      | Identified the +12 dire flail "Cuefarut" {venom, rF+ Int+4
                  | Dex-3}
 15024 | D:9      | Noticed a two-headed ogre
 15024 | D:9      | Noticed a two-headed ogre
 15043 | D:9      | Reached * piety under the Shining One
 15217 | D:9      | Reached skill level 5 in Armour
 15331 | D:9      | Found a sparkling altar of Nemelex Xobeh.
 15496 | D:9      | Found an ornate altar of the Wu Jian Council.
 15536 | D:9      | Found a glowing silver altar of Zin.
 16139 | D:10     | Entered Level 10 of the Dungeon
 16144 | D:10     | Reached ** piety under the Shining One
 16222 | D:10     | Reached XP level 11. HP: 55/94 MP: 9/11
 16401 | D:10     | Found a staircase to the Lair.
 16462 | D:10     | Noticed a soul eater
 16537 | D:10     | Found a staircase to the Orcish Mines.
 17363 | D:10     | Noticed a two-headed ogre
 17694 | Lair:1   | Entered Level 1 of the Lair of Beasts
 18255 | Lair:1   | HP: 1/97 [basilisk (12)]
 18905 | Lair:1   | Identified a scroll of acquirement
 18905 | Lair:1   | Acquired 663 gold pieces
 19584 | Lair:1   | Noticed an oklob plant
 19865 | Lair:1   | Noticed an oklob plant
 20210 | Lair:2   | Reached XP level 12. HP: 106/106 MP: 12/12
 20216 | Lair:2   | Reached skill level 10 in Fighting
 20216 | Lair:2   | Reached skill level 10 in Armour
 20670 | Lair:2   | Noticed a five-headed hydra
 20674 | Lair:2   | Found a staircase to the Swamp.
 20693 | Lair:2   | Noticed a six-headed hydra
 21186 | D:10     | Killed a two-headed ogre
 21465 | Orc:1    | Entered Level 1 of the Orcish Mines
 21585 | Orc:2    | Entered Level 2 of the Orcish Mines
 21606 | Orc:2    | Reached *** piety under the Shining One
 21620 | Orc:1    | Reached skill level 1 in Invocations
 22000 | Orc:2    | Reached skill level 2 in Invocations
 22022 | Orc:2    | HP: 5/108 [orc priest/divine providence[an orc knight]
                  | (14)]
 22444 | Orc:2    | Found a roughly hewn altar of Beogh.
 22463 | Orc:2    | Found a staircase to the Elven Halls.
 22511 | Orc:2    | Found Sain's Antique Weapon Shoppe.
 22680 | Orc:2    | Found Nuentan's Antique Armour Boutique.
 22686 | Orc:2    | Reached skill level 3 in Invocations
 22694 | Orc:2    | Noticed an orc high priest
 22694 | Orc:2    | Noticed a sun demon
 22695 | Orc:2    | Noticed a soul eater
 22695 | Orc:2    | Noticed an orc high priest
 22896 | Orc:1    | Reached skill level 10 in Shields
 23338 | Orc:2    | Noticed a sun demon
 23431 | Orc:1    | Noticed Urug
 23458 | Orc:1    | Killed Urug
 23459 | Orc:1    | Reached skill level 4 in Invocations
 23667 | Orc:2    | Noticed an orc high priest
 23836 | Orc:2    | Killed an orc high priest
 23859 | Orc:2    | Killed an orc high priest
 23860 | Orc:2    | Reached skill level 5 in Invocations
 23860 | Orc:2    | Reached XP level 13. HP: 116/116 MP: 16/16
 24593 | Orc:2    | Found Riruog's Antique Weapon Emporium.
 24600 | Orc:2    | Found Rarees's General Store.
 24602 | Orc:2    | Found Voegikli's Assorted Antiques.
 24611 | Orc:2    | Bought a copper ring for 170 gold pieces
 24611 | Orc:2    | Bought a scroll labelled UPATOU JUFUYFOGA for 34 gold
                  | pieces
 24791 | D:10     | Reached skill level 6 in Invocations
 24957 | D:10     | Reached **** piety under the Shining One
 25683 | D:10     | Identified the +9 falchion of the Orb {drain, Int+5}
 25804 | Orc:2    | Bought the +2 falchion of Vodka {flame, rF+ SInv} for 470
                  | gold pieces
 26481 | Lair:2   | Reached skill level 7 in Invocations
 26810 | Lair:1   | Reached skill level 1 in Long Blades
 27428 | D:11     | Reached skill level 1 in Short Blades
 27449 | D:11     | Noticed Erolcha
 27456 | D:11     | Killed Erolcha
 27805 | D:11     | Found Doemiang's Armour Boutique.
 28985 | Lair:2   | Found a staircase to the Snake Pit.
 29234 | Lair:2   | Reached XP level 14. HP: 114/126 MP: 19/19
 30923 | Lair:3   | Noticed Gastronok
 30935 | Lair:3   | Killed Gastronok
 31129 | Lair:4   | Noticed Sonja
 31135 | Lair:4   | Killed Sonja
 31312 | Lair:4   | Noticed Nessos
 31343 | Lair:4   | Killed Nessos
 31762 | Lair:4   | Noticed Josephine
 31771 | Lair:4   | Killed Josephine
 32450 | Lair:4   | Noticed Kirke
 32460 | Lair:4   | Killed Kirke
 32461 | Lair:4   | Reached skill level 15 in Shields
 32769 | Lair:5   | Reached ***** piety under the Shining One
 32779 | Lair:5   | Reached skill level 8 in Invocations
 33342 | Lair:5   | Found a viscous altar of Jiyva.
 33342 | Lair:5   | Found a staircase to the Slime Pits.
 33493 | Lair:5   | Reached skill level 9 in Invocations
 33504 | Lair:5   | Reached XP level 15. HP: 98/133 MP: 22/22
 33513 | Lair:5   | Reached skill level 10 in Invocations
 34127 | Lair:5   | Noticed Snorg
 34140 | Lair:5   | Killed Snorg
 34141 | Lair:5   | Reached skill level 11 in Invocations
 34469 | Lair:6   | Entered Level 6 of the Lair of Beasts
 34800 | Lair:6   | Reached skill level 12 in Invocations
 34957 | Lair:6   | Reached skill level 13 in Invocations
 34983 | Lair:6   | Paralysed by a hornet for 1 turns
 35000 | Lair:6   | HP: 6/133 [poisoned by a hornet]
 35691 | Lair:6   | Reached skill level 14 in Invocations
 35959 | Lair:6   | Found a runed translucent door.
 36027 | Lair:6   | Reached skill level 15 in Invocations
 38265 | D:12     | Reached skill level 16 in Invocations
 38568 | D:12     | Reached XP level 16. HP: 139/139 MP: 28/28
 38616 | D:12     | Found a roughly hewn altar of Beogh.
 39488 | D:13     | Reached skill level 17 in Invocations
 39546 | D:13     | Found a gate to the Vaults.
 39788 | D:13     | Found a runed translucent door.
 39811 | D:13     | Noticed Vuxku's ghost (journeyman SpEn)
 40504 | Orc:2    | Bought a polished halberd for 333 gold pieces
 40504 | Orc:2    | Identified the +8 halberd "Derph" {flame, rN+} (You bought
                  | it in a shop on level 2 of the Orcish Mines)
 40647 | Snake:1  | Entered Level 1 of the Snake Pit
 40831 | Snake:1  | Found the +7 sceptre of Torment {pain, torment}
 40832 | Snake:1  | Found Puveaf's Weapon Emporium.
 40832 | Snake:1  | Found Luahes's Magic Scroll Shoppe.
 40838 | Snake:1  | Found Zeoxziz's Antique Weapon Emporium.
 40840 | Snake:1  | Found Cubbival's Distillery.
 40848 | Snake:1  | Bought a scroll of enchant weapon for 82 gold pieces
 41035 | Snake:1  | Reached skill level 18 in Invocations
 41170 | Snake:1  | Noticed Louise
 41187 | Snake:1  | Cast into level 2 of the Abyss (Louise)
 41187 | Abyss:2  | Found a corrupted altar of Lugonu.
 41405 | Abyss:2  | Noticed a tentacled starspawn
 41409 | Abyss:2  | Killed a tentacled starspawn
 41438 | Abyss:2  | Noticed a Hell Sentinel
 41453 | Abyss:2  | Noticed a tentacled starspawn
 41460 | Abyss:2  | Killed a Hell Sentinel
 41463 | Abyss:2  | Killed a tentacled starspawn
 41638 | Abyss:3  | Noticed a tentacled starspawn
 41647 | Abyss:3  | Killed a tentacled starspawn
 41648 | Abyss:3  | Reached skill level 19 in Invocations
 41732 | Abyss:3  | Noticed a tentacled starspawn
 41740 | Abyss:3  | Killed a tentacled starspawn
 41740 | Abyss:3  | Noticed a tentacled starspawn
 41749 | Abyss:3  | Killed a tentacled starspawn
 41753 | Snake:1  | Escaped the Abyss
 41773 | Snake:1  | Killed Louise
 42280 | Snake:1  | Noticed Aizul
 42295 | Snake:1  | Killed Aizul
 43233 | Snake:2  | You fall into a shaft and drop 1 floor!
 43258 | Snake:3  | Reached skill level 20 in Invocations
 43265 | Snake:3  | Reached skill level 1 in Dodging
 43846 | Snake:2  | Reached XP level 17. HP: 135/146 MP: 9/31
 43923 | Snake:2  | HP: 7/146 [shock serpent (2)]
 43923 | Snake:2  | Mangled by a shock serpent

Illustrated notes

Levels and vault maps discovered:
D:1:      dpeg_arrival_tiny_d, layout_rooms
D:2:      layout_basic, minmay_3d_cube
D:3:      layout_rooms, nicolae_dithmenos_through_a_glass_darkly,
          hellmonk_ecumenical_altar_arch_garden, minmay_increasing_density
D:4:      minmay_spotlight, layout_gridville, lemuel_crystal_altar,
          hangedman_ru_absence, general_overflow_altar, ebering_ghost_gozag
D:5:      layout_loops_corners, makhleb_heckhound_becter,
          minmay_temple_entry_statues_fountains
D:6:      layout_layer_cave, lemuel_coloured_pillars_altar,
          ebering_ghost_sewer_d, cheibrodos_sewer_entry_sluice, kennysheep_dice
D:7:      layout_loops_corners, lemuel_crystal_altar,
          nicolae_qazlal_style_of_elements, serial_shops, kennysheep_mini
D:8:      minmay_general_purpose_star, layout_loops_corners,
          amcnicky_altar_gilded, kennysheep_mini_moat,
          ebering_ghost_disaster_area
D:9:      layout_small_grid, nicolae_wu_jian_wuxing_cycle, zin_academy,
          lemuel_doored_altar, gammafunk_ghost_smash
D:10:     minmay_the_grid_square_5x5_3x3 [minmay_the_grid_square_5x5_tie,
          minmay_the_grid_square_5x5_six_small,
          minmay_the_grid_square_5x5_seven, minmay_the_grid_square_5x5_inner_i,
          minmay_the_grid_square_5x5_megaprize_diamond,
          minmay_the_grid_square_5x5_v, minmay_the_grid_square_5x5_gyroscope,
          minmay_the_grid_square_5x5_checkered,
          minmay_the_grid_square_5x5_tri_point], layout_long_grid,
          grunt_lair_entry_orc_guard_hut, david_orc_3
D:11:     layout_cave_pods, serial_shops, kennysheep_little_box, uniq_erolcha
D:12:     layout_roguey [special_room_orc], minmay_beelzebubs_servants
D:13:     layout_roguey, david_vaults_2, gammafunk_ghost_grave,
          amcnicky_mini_rare_corridor_liquid
Temple:   compressed_dpeg_triangle_lava_temple
Lair:1:   minmay_lair_oklob_tunnel, layout_chaotic_city,
          grunt_forest_large_clearings, minmay_lair_oklob_chamber
Lair:2:   layout_regular_city, skrybe_swamp_entry_bodies,
          minmay_snake_entry_guardpost_small
Lair:3:   layout_gridlike, serial_bayou_shore_a, lemuel_fruit_tree,
          uniq_gastronok
Lair:4:   layout_small_grid, uniq_sonja, uniq_kirke, uniq_josephine, uniq_nessos
Lair:5:   dpeg_oklob_shooting_range, layout_regular_city,
          dpeg_slime_entry_enclosed_altar, grunt_megastairs_2, uniq_snorg
Lair:6:   hangedman_lair_tendril_chambers, layout_gridlike, wormcave,
          serial_bayou_pond_a, st_stairs_6, guppyfry_lair_drakes,
          infiniplex_staircase_pool
Snake:1:  layout_onion_interference, minmay_shoptagon, grunt_megastairs_1,
          uniq_aizul, uniq_louise
Snake:2:  layout_grid_shapes, special_room, grunt_ministairs_13
Snake:3:  layout_gridlike, abandoned_shop, st_stairs_7,
          nicolae_large_snake_swirl, grunt_megastairs_3, uniq_vashnia,
          uniq_donald
Orc:1:    layout_diamond_mine, uniq_urug
Orc:2:    st_orc_elflike, layout_diamond_mine, serial_shops, shop_statue,
          nicolae_orc_lost_temple

Skill      XL: |  1  2  3  4  5  6  7  8  9 10 11 12 13 14 15 16 |
---------------+-------------------------------------------------+-----
Axes           | 3 4 5 7 8 9 11 14 16 | 16.0
Fighting       | 5 8 9 11 12 | 12.2
Shields        | 4 7 9 10 11 15 | 15.0
Armour         | 6 9 12 13 | 13.4
Invocations    | 5 7 9 16 20 | 20.0
Long Blades    | 1 |  1.8
Short Blades   | 4 |  4.8
Dodging        | 3 |  3.8

Action                   |  1- 3 |  4- 6 |  7- 9 | 10-12 | 13-15 | 16-18 || total
-------------------------+-------+-------+-------+-------+-------+-------++-------
Melee: War axe           |    94 |   206 |   331 |   717 |   782 |   363 ||  2493
       Falchion          |       |       |       |       |    79 |       ||    79
Throw: Throwing net      |       |       |       |     2 |       |       ||     2
       Javelin           |       |       |       |       |    14 |       ||    14
Invok: Divine Shield     |       |       |       |     6 |     2 |       ||     8
       Cleansing Flame   |       |       |       |       |     2 |     2 ||     4
       Summon Divine War |       |       |       |       |     3 |     9 ||    12
Evoke: Wand              |       |       |       |     3 |       |       ||     3
  Use: Potion            |     2 |       |     8 |     7 |     7 |     3 ||    27
       Scroll            |       |     9 |     5 |    20 |     7 |     4 ||    45
Armor: Scale mail        |    54 |    72 |   107 |   130 |       |       ||   363
       Skin              |       |       |     5 |       |       |       ||     5
       Plate armour      |       |       |       |    74 |   358 |   119 ||   551
Dodge: Dodged            |    26 |    66 |    86 |   167 |   206 |    63 ||   614
Block: Kite shield       |    69 |   105 |   134 |   432 |   483 |   215 ||  1438
       Rpst.: Falchion   |       |       |       |       |     4 |       ||     4

Table legend: (Time is in decaauts)
 A = Elapsed time spent in this place.
 B = Non-inter-level travel time spent in this place.
 C = Inter-level travel time spent in this place.
 D = Time resting spent in this place.
 E = Time spent auto-exploring this place.
 F = Levels seen in this place.
 G = Mean time per level.
                   A        B        C        D        E       F      G
               +--------+--------+--------+--------+--------+-----+--------+
         Total |  43644 |  41913 |   1731 |  14502 |  22177 |  28 | 1558.7 |
       Dungeon |  21470 |  20700 |    770 |   6305 |  12257 |  13 | 1651.5 |
        Temple |    563 |    532 |     31 |    220 |    284 |   1 |  563.0 |
          Lair |  13871 |  13315 |    556 |   4636 |   7023 |   6 | 2311.8 |
     Snake Pit |   2638 |   2572 |     66 |   1021 |   1141 |   3 |  879.3 |
  Orcish Mines |   3413 |   3105 |    308 |   1815 |    719 |   2 | 1706.5 |
         Abyss |    540 |    540 |      0 |     48 |    233 |   2 |  270.0 |
         Sewer |   1147 |   1147 |      0 |    455 |    520 |   1 | 1147.0 |
               +--------+--------+--------+--------+--------+-----+--------+

Top non-repeatable levels by time:
  Lair:1: 3760 daAuts
    D:10: 3273 daAuts
  Lair:6: 3062 daAuts
     D:6: 2672 daAuts
     D:8: 2660 daAuts
     D:5: 2005 daAuts
  Lair:2: 1909 daAuts
  Lair:5: 1882 daAuts
 Snake:1: 1717 daAuts
   Orc:1: 1710 daAuts
   Orc:2: 1702 daAuts
  Lair:4: 1640 daAuts
  Lair:3: 1616 daAuts
     D:4: 1438 daAuts
     D:3: 1413 daAuts
